Map: Magannatha LE

Players

Claw - Winner!

  • Race: Zerg Zerg
  • League: Master
  • Spawn Location: 11:00

INFINITY

  • Race: Terran Terran
  • League: Master
  • Spawn Location: 5:00

VOD

Have the link to the VOD?

Description

Time

  • Played on: April 29, 2025, 7:56 p.m.
  • Length: 23:04
Show
View Real Time Build Order
Export as new Build Order

Claw Zerg - Winner!

Build Orders: Hatch First, Lurkers 

Get SALT Encoding   

  12  0:00  Drone  
  13  0:08  Drone  
  14  0:15  Drone, Extractor  
  15  0:22  Overlord  
  15  0:43  Drone  
  15  0:45  Hatchery  
  15  0:49  Drone  
  16  0:55  Drone  
  17  1:00  Drone  
  18  1:10  Extractor  
  17  1:13  Spawning Pool  
  17  1:15  Drone  
  17  1:18  Drone  
  18  1:28  Drone  
  19  1:41  Drone  
  20  1:55  Overlord  
  20  2:00  Queen x2  
  24  2:02  Zergling x4  
  26  2:14  Metabolic Boost  
  26  2:18  Drone x2  
  26  2:20  Drone  
  26  2:21  Drone  
  30  2:35  Hatchery  
  29  2:42  Drone  
  29  2:43  Drone  
  29  2:44  Overlord  
  31  2:53  Queen  
  33  2:59  Drone x2  
  33  3:00  Drone  
  33  3:03  Drone x2  
  38  3:10  Overlord  
  38  3:15  Queen  
  38  3:17  Drone  
  38  3:18  Drone  
  42  3:20  Drone  
  42  3:22  Drone  
  44  3:35  Drone x3  
  44  3:36  Overlord x2  
  47  3:48  Roach Warren  
  46  3:54  Zergling x6, Drone  
  46  3:55  Zergling x4  
  52  4:02  Overlord x2  
  52  4:11  Drone  
  53  4:20  Zergling x12  
  59  4:27  Baneling Nest  
  59  4:29  Roach x2  
  59  4:30  Roach  
  64  4:34  Drone x3  
  64  4:36  Queen  
  69  4:42  Drone x2  
  69  4:44  Spore Crawler  
  70  4:47  Spore Crawler  
  70  4:48  Spore Crawler  
  70  4:50  Roach x3  
  70  4:52  Drone x2  
  76  4:59  Drone x6  
  82  5:12  Overlord x2  
  82  5:13  Overlord  
  82  5:19  Extractor  
  82  5:20  Extractor  
  70  5:28  Drone x8  
  70  5:29  Drone x5  
  70  5:33  Lair  
  80  5:44  Evolution Chamber, Drone x2  
  80  5:45  Evolution Chamber  
  80  5:48  Hatchery  
  79  5:54  Extractor x2  
  77  5:58  Roach x3  
  77  6:01  Zergling x6  
  77  6:02  Zergling x8  
  89  6:08  Drone  
  89  6:09  Drone  
  91  6:13  Zerg Melee Weapons Level 1, Extractor  
  91  6:16  Drone x3  
  91  6:17  Drone x3  
  96  6:28  Roach x2  
  96  6:29  Roach x3  
  103  6:46  Roach  
  105  6:50  Overlord x4  
  105  6:58  Hydralisk Den  
  105  7:00  Overlord x2  
  104  7:12  Drone x3  
  107  7:20  Queen  
  107  7:27  Zerg Ground Armor Level 1  
  107  7:33  Hydralisk x10  
  120  7:42  Grooved Spines  
  116  7:46  Queen  
  116  7:47  Infestation Pit, Drone x9  
  126  7:53  Drone  
  126  7:54  Drone x2  
  129  8:00  Zergling x10  
  129  8:01  Centrifugal Hooks  
  129  8:04  Spore Crawler  
  133  8:13  Lurker Den  
  133  8:15  Drone x6  
  138  8:20  Hydralisk  
  138  8:21  Hydralisk x4  
  148  8:28  Hive  
  148  8:32  Baneling x4  
  148  8:42  Zergling x2  
  148  8:43  Zergling x4  
  148  8:44  Overlord x6  
  148  8:47  Baneling x9  
  151  9:06  Hydralisk x5  
  151  9:07  Zergling x16, Hydralisk  
  160  9:14  Lurker  
  161  9:17  Extractor  
  161  9:20  Extractor  
  161  9:22  Drone x3  
  161  9:23  Drone x2  
  163  9:34  Lurker  
  163  9:35  Lurker x2  
  163  9:36  Zergling x10  
  171  9:49  Viper  
  169  9:59  Zergling x2, Hatchery, Hydralisk  
  151  10:00  Zergling x32  
  151  10:04  Hatchery  
  151  10:06  Seismic Spines  
  153  10:08  Zergling x2  
  153  10:12  Zergling x12  
  153  10:14  Zerg Melee Weapons Level 2  
  160  10:15  Zerg Missile Weapons Level 1  
  160  10:17  Viper  
  163  10:22  Baneling x8  
  163  10:23  Baneling x3  
  163  10:25  Drone x2  
  163  10:26  Drone x3  
  160  10:41  Hydralisk  
  160  10:42  Zergling x2, Hydralisk x5  
  154  10:43  Zergling x12  
  154  10:47  Muscular Augments  
  147  10:57  Hydralisk x4  
  122  11:12  Zergling x22  
  127  11:22  Zergling x4  
  114  11:26  Zergling x10  
  114  11:32  Zergling x2  
  112  11:38  Zergling x2  
  112  11:39  Zergling x2  
  103  11:45  Lurker x5  
  103  11:46  Zergling x8  
  113  11:47  Baneling x2  
  113  11:48  Baneling x12  
  113  11:59  Hydralisk  
  113  12:00  Hydralisk x4  
  122  12:02  Zergling x18  
  130  12:10  Adaptive Talons  
  130  12:19  Viper  
  130  12:22  Zergling x18  
  141  12:24  Lurker  
  142  12:30  Hatchery  
  142  12:36  Hatchery  
  139  12:37  Extractor  
  139  12:38  Extractor  
  139  12:39  Drone x2  
  139  12:40  Drone x3  
  139  12:41  Drone  
  139  12:42  Spore Crawler  
  139  12:55  Unknown  
  109  12:59  Hydralisk x6  
  109  13:00  Zergling x22  
  122  13:09  Hydralisk x3  
  123  13:14  Zerg Ground Armor Level 2, Zerg Melee Weapons Level 3  
  123  13:23  Zergling x2, Hydralisk x4  
  123  13:24  Zergling x12  
  138  13:29  Baneling  
  138  13:30  Baneling x6  
  138  13:37  Zergling x2, Hydralisk x2  
  138  13:38  Zergling x6  
  146  13:43  Burrow  
  146  13:48  Zergling x12  
  147  13:53  Queen  
  147  13:54  Queen  
  153  14:05  Overseer  
  153  14:06  Overseer x3  
  148  14:10  Zergling x2, Hydralisk x2  
  148  14:11  Zergling x16  
  148  14:12  Lurker x2  
  163  14:23  Pneumatized Carapace  
  163  14:31  Hydralisk  
  163  14:32  Zergling x18  
  163  14:34  Baneling x2  
  163  14:35  Baneling x2  
  174  15:05  Hydralisk  
  174  15:06  Zergling x34  
  193  15:11  Lurker x3  
  190  15:22  Baneling x14  
  190  15:27  Ultralisk Cavern  
  189  15:29  Zerg Missile Weapons Level 2, Lurker x6  
  189  15:30  Baneling x2  
  172  16:06  Hydralisk  
  172  16:07  Zergling x6, Hydralisk x8  
  172  16:08  Zergling x22  
  179  16:16  Zergling x2  
  166  16:28  Hydralisk x8  
  170  16:44  Zergling x24  
  181  16:57  Zergling x12  
  181  16:58  Baneling  
  181  16:59  Baneling x7  
  181  17:00  Lurker  
  188  17:06  Drone x4  
  192  17:16  Lurker  
  192  17:17  Lurker x2  
  195  17:31  Overlord x3  
  150  17:45  Overseer x2  
  150  17:49  Hydralisk x6  
  150  17:50  Zergling x30  
  146  18:00  Zergling x4  
  147  18:19  Zergling x26  
  160  18:22  Zerg Missile Weapons Level 3  
  160  18:23  Chitinous Plating  
  160  18:33  Hatchery  
  146  18:46  Ultralisk x2  
  158  18:51  Lurker  
  158  18:52  Lurker x5  
  158  18:54  Baneling  
  158  18:55  Baneling x7  
  164  19:03  Viper x4  
  176  19:14  Hatchery  
  155  19:31  Hydralisk x13  
  175  19:45  Hydralisk  
  175  19:46  Hydralisk x5  
  176  19:59  Lurker x3  
  159  20:00  Lurker x2  
  161  20:09  Zergling x2  
  161  20:10  Zergling x30  
  177  20:26  Overseer x2  
  177  20:30  Zergling x2, Hydralisk x3  
  177  20:31  Zergling x14  
  177  20:34  Baneling  
  191  20:39  Baneling x2  
  156  21:29  Zergling x50  
  156  21:30  Zergling x12  
  173  21:36  Zergling x42  
  188  21:59  Hatchery  
  187  22:02  Evolution Chamber  
  185  22:13  Baneling x2  
  185  22:14  Hydralisk, Baneling x17  
  185  22:15  Zergling x14, Hydralisk x2  
  187  22:16  Zergling x12  
  199  22:24  Extractor  
  199  22:25  Extractor  
  197  22:30  Extractor  
Show
View Real Time Build Order
Export as new Build Order

INFINITY Terran 

Build Orders: Reaper Expand 

Get SALT Encoding   

  12  0:00  SCV  
  13  0:12  SCV  
  14  0:17  Supply Depot  
  14  0:24  SCV  
  15  0:39  SCV, Barracks  
  16  0:43  Refinery  
  16  0:51  SCV  
  17  1:03  SCV  
  18  1:15  SCV  
  19  1:27  Reaper  
  19  1:28  Orbital Command  
  20  1:40  Command Center  
  20  1:51  Barracks  
  20  1:55  SCV  
  20  2:01  Barracks Reactor  
  21  2:08  Supply Depot  
  21  2:13  SCV  
  22  2:23  Refinery  
  22  2:25  SCV  
  22  2:29  Factory  
  23  2:37  Marine, SCV  
  23  2:38  Marine  
  23  2:40  Barracks Tech Lab  
  26  2:49  SCV  
  27  2:54  Orbital Command  
  27  3:00  Marine x2  
  27  3:01  Marine, SCV  
  30  3:06  Stimpack  
  30  3:20  Starport  
  30  3:22  Marine  
  30  3:23  Marine, Supply Depot  
  30  3:26  Marine  
  33  3:30  Factory Reactor  
  33  3:31  SCV  
  35  3:34  SCV  
  35  3:44  Marine x2, SCV  
  35  3:46  SCV  
  39  3:49  Marine, Supply Depot  
  40  3:59  SCV  
  40  4:00  SCV  
  40  4:02  Marine  
  43  4:12  SCV  
  43  4:14  Medivac x2  
  43  4:15  Widow Mine  
  50  4:17  SCV  
  50  4:21  Marine x3, Supply Depot  
  50  4:24  SCV  
  55  4:32  SCV  
  55  4:37  Factory Tech Lab  
  56  4:39  Command Center, SCV  
  56  4:44  Supply Depot  
  57  4:46  SCV  
  58  4:55  SCV  
  58  4:56  Bunker  
  58  4:57  Marine x3  
  58  4:58  SCV  
  58  4:59  Siege Tank  
  66  5:02  Medivac  
  68  5:09  Refinery  
  68  5:10  Refinery  
  68  5:11  SCV  
  68  5:12  SCV  
  68  5:13  Combat Shield  
  70  5:15  Marine x2  
  72  5:23  SCV  
  65  5:38  Marine x2  
  65  5:39  Marauder  
  65  5:41  Siege Tank  
  72  5:46  SCV x2, Barracks  
  72  5:47  Barracks x2  
  74  5:51  Medivac, Engineering Bay  
  74  5:56  Marine  
  77  5:58  Supply Depot, SCV  
  77  6:03  Marine  
  77  6:04  Marine  
  80  6:05  Orbital Command  
  80  6:13  Siege Tank  
  80  6:14  Marine  
  80  6:18  SCV x2  
  86  6:20  Terran Infantry Weapons Level 1  
  86  6:21  Marine  
  86  6:22  Marauder  
  89  6:37  Orbital Command  
  89  6:38  Barracks Tech Lab  
  89  6:40  Marine x2  
  89  6:43  Marauder  
  89  6:46  Siege Tank  
  96  6:48  SCV x2  
  96  6:51  Supply Depot  
  98  6:57  Marauder, Barracks Tech Lab  
  98  6:58  Marine  
  101  7:12  Marine, Marauder  
  101  7:13  Medivac x2  
  109  7:16  Marine  
  109  7:17  Engineering Bay  
  109  7:18  Armory  
  109  7:35  SCV  
  109  7:37  Marine  
  109  7:38  Marine  
  109  7:39  SCV  
  109  7:40  Marine x2  
  109  7:45  Supply Depot  
  109  7:47  Siege Tank  
  109  7:48  Terran Infantry Armor Level 1, Marauder x2  
  116  7:53  SCV  
  117  8:06  Medivac, Marine  
  117  8:07  SCV x3, Marauder  
  117  8:08  Supply Depot  
  125  8:15  Supply Depot  
  125  8:16  Supply Depot  
  125  8:18  Barracks Reactor  
  125  8:19  Terran Vehicle Weapons Level 1, Marine  
  125  8:20  Marine, Terran Infantry Weapons Level 2, SCV, Marauder  
  125  8:21  SCV  
  125  8:22  SCV  
  125  8:24  Marine  
  125  8:26  Supply Depot  
  133  8:32  SCV  
  134  8:39  Marine  
  134  8:40  Marauder x2  
  134  8:41  Marine  
  139  8:43  SCV x2  
  139  8:45  Sensor Tower  
  139  8:48  SCV  
  143  8:49  Marine  
  143  8:50  Supply Depot x2  
  143  8:51  Medivac, Command Center  
  143  8:53  Siege Tank  
  149  8:57  Marine x2  
  149  8:59  Marine x2  
  149  9:01  Marauder x2  
  152  9:10  Marine  
  152  9:15  Marine x2  
  155  9:17  Marine, Marauder  
  155  9:18  Refinery x2  
  155  9:22  Marine, Marauder  
  161  9:26  Barracks  
  161  9:27  Barracks  
  161  9:28  Barracks  
  161  9:35  Marine  
  161  9:36  Marine x3  
  165  9:39  Marauder  
  165  9:40  Marauder  
  165  9:44  Marauder  
  171  9:53  Marine x2  
  171  9:58  Marine x2  
  155  10:00  Marauder  
  155  10:01  Marine  
  155  10:05  Marauder  
  152  10:10  Siege Tank  
  152  10:11  Marine  
  156  10:14  Factory  
  157  10:21  SCV x3  
  157  10:28  Supply Depot, Missile Turret  
  159  10:29  Supply Depot  
  156  10:35  Marine x2  
  156  10:36  Marine, Marauder x2  
  156  10:41  Marine  
  156  10:42  Barracks Reactor, Barracks Tech Lab x2  
  155  10:46  Ghost Academy  
  151  10:53  Marine  
  151  10:54  Marauder  
  153  10:59  Marine x3  
  153  11:00  Marauder x2  
  155  11:06  Marine x2  
  140  11:11  Marine  
  140  11:12  Terran Infantry Armor Level 2  
  140  11:13  Terran Infantry Weapons Level 3  
  140  11:15  Marine  
  140  11:17  Marine x2  
  138  11:20  Marine x2  
  138  11:21  Marine x2, Marauder  
  138  11:23  Siege Tank  
  138  11:24  Marine, Marauder  
  144  11:28  Personal Cloaking, Factory Tech Lab  
  141  11:33  Marauder  
  139  11:44  Missile Turret x2  
  139  11:48  Ghost x3, Missile Turret, Siege Tank  
  139  11:49  Marine x2  
  139  11:50  Marauder  
  155  11:58  Marine x5  
  160  12:07  Marine  
  161  12:11  Marauder  
  161  12:12  Siege Tank  
  164  12:18  Marine x2, Marauder  
  164  12:20  Ghost  
  164  12:21  Ghost x2  
  177  12:28  Planetary Fortress, Refinery  
  177  12:30  Refinery  
  177  12:44  Ghost  
  177  12:48  Command Center  
  176  12:55  Marine  
  176  12:56  Marine x4, Marauder  
  176  12:57  Marine x4  
  122  13:05  Medivac x2  
  102  13:13  Ghost, Marine, Concussive Shells  
  102  13:14  Marine x2  
  108  13:21  SCV x3  
  108  13:24  Siege Tank  
  108  13:25  Siege Tank  
  118  13:27  SCV  
  118  13:35  Marine x6  
  118  13:37  Medivac  
  118  13:39  Medivac  
  128  13:44  Terran Infantry Armor Level 3  
  128  13:46  SCV  
  128  13:47  SCV  
  130  13:49  SCV  
  129  14:03  Marine x3  
  129  14:04  Marauder x2  
  129  14:08  Siege Tank x2  
  133  14:17  Terran Vehicle Weapons Level 2  
  133  14:18  Neosteel Armor  
  133  14:23  Command Center  
  133  14:24  Orbital Command  
  133  14:34  Factory  
  133  14:36  Supply Depot  
  133  14:38  Supply Depot  
  133  14:43  Ghost, Siege Tank  
  133  14:44  Ghost, Marine, Siege Tank  
  146  14:51  Ghost x2  
  152  14:52  Marine  
  153  15:00  Supply Depot  
  153  15:07  Viking x2  
  155  15:11  Marine x5  
  161  15:35  Ghost  
  161  15:36  Ghost x3, Marine  
  161  15:37  Marine x2, Marauder  
  163  15:55  Marine x6  
  165  15:58  Marauder  
  150  16:05  Marauder x4  
  127  16:12  Marine  
  127  16:15  Marine x2  
  130  16:19  Ghost  
  115  16:25  Ghost x2  
  115  16:26  Ghost  
  120  16:35  Marine  
  120  16:36  Marine x4  
  120  16:37  Marauder  
  120  16:38  Siege Tank  
  130  16:52  Siege Tank  
  133  17:06  Orbital Command  
  133  17:10  SCV x2  
  133  17:11  Marine, SCV, Marauder  
  133  17:12  Marine x4  
  133  17:14  Siege Tank  
  146  17:16  Planetary Fortress  
  146  17:21  Refinery  
  146  17:22  SCV  
  147  17:27  Siege Tank  
  150  17:35  Sensor Tower  
  119  17:49  Marine  
  119  17:51  Marine x3  
  103  17:52  Marauder x2  
  103  17:53  Marine x3, Marauder x2  
  95  18:03  Siege Tank x2  
  101  18:07  Marine  
  101  18:10  Ghost  
  105  18:16  Marine x3  
  108  18:22  Terran Vehicle Weapons Level 3  
  108  18:26  Ghost x3  
  117  18:27  Marine  
  115  18:38  Siege Tank  
  115  18:39  Siege Tank  
  121  18:46  Factory  
  121  18:50  Ghost x2, Orbital Command  
  121  18:51  Marine  
  121  18:52  Marine x2  
  121  18:53  Marine x2  
  132  18:58  Missile Turret  
  132  19:05  Missile Turret  
  132  19:09  Sensor Tower  
  124  19:46  Liberator  
  124  19:47  Liberator  
  130  19:52  Missile Turret  
  130  19:56  Marine x2, Marauder  
  120  20:06  Factory Reactor  
  120  20:11  Starport  
  120  20:13  Command Center  
  120  20:16  Ghost x4  
  132  20:21  Orbital Command  
  132  20:25  Refinery  
  132  20:26  Refinery  
  132  20:30  SCV x2  
  132  20:31  SCV x2  
  136  20:38  Liberator  
  136  20:42  SCV  
  140  20:43  SCV x3  
  140  20:44  Widow Mine  
  145  20:54  Missile Turret  
  145  20:58  Refinery  
  145  21:05  Starport Reactor, Sensor Tower  
  128  21:20  Orbital Command  
  128  21:23  Marine x3  
  128  21:24  Marauder x2  
  117  21:28  Marine x3  
  117  21:29  Marauder x2  
  121  21:47  Missile Turret  
  121  21:49  Missile Turret  
  121  21:57  Refinery  
  121  22:04  Widow Mine x2  
  120  22:19  Command Center  
  120  22:21  Supply Depot  
  120  22:22  Supply Depot  
  120  22:24  Missile Turret, SCV x4  
  120  22:29  Medivac  
  126  22:39  Refinery  
  126  22:46  SCV x2  
Tags
 
Add a new tag
Caveats
  • Supply blocks, unpowered buildings, or Contaminate may cause inaccurate times.
  • Supply counts are checked every 10 seconds.